 Dungeon Crawl Stone Soup version 0.29-a0-82-g837932c90e (webtiles) character file.

Game seed: 14678682119370153600

52 lordive the Magician (level 4, -2/31 HPs)
             Began as a Djinni Conjurer on Feb 4, 2022.
             Slain by a gnoll (3 damage)
             ... on level 3 of the Dungeon.
             The game lasted 00:02:39 (1813 turns).

lordive the Magician (Djinni Conjurer)              Turns: 1813, Time: 00:02:39

Health: -2/31      AC:  3    Str:  6    XL:     4   Next: 8%
Gold:   62         EV:  6    Int: 25    God:
                   SH:  0    Dex: 15

rFire   + + .      SeeInvis .   (no weapon)
rCold   x . .      Faith    .   (no shield)
rNeg    . . .      Spirit   .   l - +0 leather armour "Jaazxok" {Int+3 Dex+4}
rPois   ∞          Reflect  .   (no helmet)
rElec   .          Harm     .   (no cloak)
rCorr   .          Rampage  .   (no gloves)
Will    .....                   (boots unavailable)
Stlth   ++........              (no amulet)
HPRegen 0.10/turn               (no ring)
MPRegen 0.00/turn               (no ring)

@: mighty, flying, held
A: sickness immunity, fire resistance 2, cold vulnerability 1, float, innate
caster, HP casting, extra vitality 1
a: no special abilities


You were on level 3 of the Dungeon.
You visited 1 branch of the dungeon, and saw 3 of its levels.

You collected 62 gold pieces.

Inventory:

Armour
 a - a +0 robe
 l - the +0 leather armour "Jaazxok" (worn) {Int+3 Dex+4}
   (You found it on level 2 of the Dungeon)

   Int:       It affects your intelligence (+3).
   Dex:       It affects your dexterity (+4).
Magical Staves
 f - a staff of death
Jewellery
 c - an amulet of faith
Scrolls
 e - 2 scrolls of identify {unknown}
 g - a scroll of summoning {unknown}
 j - a scroll of amnesia {unknown}
Potions
 h - a potion of degeneration {unknown}
 i - 2 potions of cancellation {unknown}
 k - a potion of berserk rage {unknown}


   Skills:
 * Level 0.5 Fighting
 * Level 1.1 Armour
 * Level 2.2 Dodging
 - Level 1.5 Stealth
 * Level 0.4 Shields
 * Level 4.0 Spellcasting


You couldn't memorise any spells.
You knew the following spells:

 Your Spells              Type           Power      Damage    Failure   Level
a - Magic Dart            Conj           100%       1d8       2%          1
b - Searing Ray           Conj           50%        2d6       4%          2
c - Dazzling Flash        Conj/Hex       50%        N/A       9%          3
d - Fulminant Prism       Conj/Hex       12%        3d9       26%         4
e - Iskenderun's Mystic   Conj/Tloc      25%        2d7       26%         4
f - Summon Small Mammal   Summ           100%       N/A       2%          1
Your spell library was empty.

Dungeon Overview and Level Annotations

Branches:
Dungeon (3/15)

Altars:

Shops:
D:2 :


Innate Abilities, Weirdness & Mutations

You are immune to sickness and miasma.
You are immune to poison.
Your flesh is very heat resistant. (rF++)
You are vulnerable to cold. (rC-)
You float through the air rather than walking.
You learn spells naturally, not from books.
Your magical power is your life essence.
You have superior vitality. (+4 MHP)


Message History

There are monsters nearby!
Casting: Magic Dart (safe; 3% risk of failure)
Confirm with . or Enter, or press ? or * to list all spells.
Aiming: Searing Ray (safe; 4% risk of failure)
Press: ? - help, Shift-Dir - straight line, f - gnoll
Aim: a gnoll, wielding a +0 club and quivering a throwing net (asleep, 100% to hit)
The searing ray hits the gnoll.
The gnoll is moderately wounded.
The gnoll shouts! (Press . to maintain the ray.)
The gnoll shouts! x2
The gnoll throws a throwing net.
The throwing net hits you.
You become entangled in the net!
The searing ray hits the gnoll!
You kill the gnoll!
Your Spellcasting skill increases to level 4!
You have reached level 4!
You feel clever.
You struggle against the net.
The gnoll hits you with a +0 whip.
You tear a large gash into the net.
The gnoll hits you from afar with a +0 halberd.
The gnoll hits you with a +0 whip.
Unknown command.
Unknown command.
Unknown command.
You struggle against the net.
The gnoll hits you from afar with a +0 halberd!
* * * LOW HITPOINT WARNING * * *
The gnoll barely misses you.
You struggle against the net.
The gnoll barely misses you. The hobgoblin hits you.
* * * LOW HITPOINT WARNING * * *
It was a potion of curing.
You feel better. The gnoll hits you with a +0 whip!
* * * LOW HITPOINT WARNING * * *
The gnoll barely misses you.
The hobgoblin hits you but does no damage.
It was a potion of might.
You feel very mighty all of a sudden. The gnoll hits you with a +0 whip.
You die...

#..# #..#
#.># #..#
####..#
..... #..#
#g@#
#g........
#.g...#...
...)....
...........
#..#.....###
#..#....##
#..#.#.##


You could see 2 gnolls and a hobgoblin.

Vanquished Creatures
  A gnoll (D:3)
  An adder (D:2)
  A dart slug (D:2)
  2 bats (D:1)
  2 endoplasms
  3 goblins
  6 hobgoblins
  2 jackals (D:1)
  3 kobolds
  2 ball pythons (D:1)
  2 frilled lizards
  3 rats
28 creatures vanquished.

Vanquished Creatures (others)
  2 fungi (D:1)
2 creatures vanquished.

Grand Total: 30 creatures vanquished

Notes
Turn   | Place    | Note
-------+----------+-------------------------------------------
     0 | D:1      | lordive the Djinni Conjurer began the quest for the Orb.
     0 | D:1      | Reached XP level 1. HP: 15/15 MP: 0/0
    20 | D:1      | Found a faded altar of an unknown god.
   195 | D:1      | Reached XP level 2. HP: 20/21 MP: 0/0
   766 | D:1      | Reached XP level 3. HP: 23/25 MP: 0/0
   766 | D:1      | Learned a level 1 spell: Summon Small Mammal
   911 | D:1      | Reached skill level 1 in Armour
  1080 | D:2      | Found Ychoudd's Book Emporium.
  1689 | D:2      | Identified the +0 leather armour "Jaazxok" {Int+3 Dex+4}
  1808 | D:3      | Reached skill level 4 in Spellcasting
  1808 | D:3      | Reached XP level 4. HP: 28/31 MP: 0/0
  1811 | D:3      | HP: 1/31 [hobgoblin (2)]
  1813 | D:3      | Slain by a gnoll

Illustrated notes

Levels and vault maps discovered:
D:1:      dpeg_arrival_ternary, layout_basic,
          shapermc_ecumenical_altar_rom_forum
D:2:      layout_loops_ring, serial_shops, nicolae_diamond_shop
D:3:      layout_loops_ring, uniq_natasha

Skill      XL: |  1  2  3 |
---------------+----------+-----
Armour         | 1 |  1.1
Spellcasting   | 4 |  4.0
Fighting       | |  0.5
Dodging        | |  2.2
Stealth        | |  1.5
Shields        | |  0.4

Action                   |  1- 3 |  4- 6 || total
-------------------------+-------+-------++-------
 Cast: Magic Dart        |    51 |       ||    51
       Searing Ray       |     1 |       ||     1
  Use: Potion            |       |     2 ||     2
Armor: Robe              |     2 |       ||     2
       Leather armour    |       |     1 ||     1
Dodge: Dodged            |     6 |     3 ||     9

Table legend: (Time is in decaauts)
 A = Elapsed time spent in this place.
 B = Non-inter-level travel time spent in this place.
 C = Inter-level travel time spent in this place.
 D = Time resting spent in this place.
 E = Time spent auto-exploring this place.
 F = Levels seen in this place.
 G = Mean time per level.
                   A        B        C        D        E       F      G
               +--------+--------+--------+--------+--------+-----+--------+
         Total |   1812 |   1712 |    100 |      0 |   1541 |   3 |  604.0 |
       Dungeon |   1812 |   1712 |    100 |      0 |   1541 |   3 |  604.0 |
               +--------+--------+--------+--------+--------+-----+--------+

Top non-repeatable levels by time:
     D:1: 1003 daAuts
     D:2: 801 daAuts
     D:3: 7 daAuts
